 Dungeon Crawl Stone Soup version 0.26-a0-720-g2a1d101370 (webtiles) character file.

Game seed: 15960268079712488084

1022 Mitsuki the Shield-Bearer (level 8, -2/70 HPs)
             Began as a Minotaur Fighter on Nov 2, 2020.
             Was a Believer of Makhleb.
             Killed from afar by Blork the orc (7 damage)
             ... with a puff of flame
             ... on level 5 of the Dungeon.
             The game lasted 00:11:04 (4298 turns).

Mitsuki the Shield-Bearer (Minotaur Fighter)        Turns: 4298, Time: 00:11:05

Health: -2/70      AC: 12    Str: 22    XL:     8   Next: 2%
Magic:  9/9        EV:  7    Int:  6    God:    Makhleb [**....]
Gold:   265        SH: 10    Dex: 10    Spells: 7/7 levels left

rFire    . . .     SeeInvis .   a - +0 long sword
rCold    . . .     Faith    .   c - +0 kite shield
rNeg     . . .     Spirit   .   n - +0 chain mail
rPois    +         Reflect  .   d - +1 hat
rElec    .         Harm     .   f - +0 cloak
rCorr    +         Rampage  .   (no gloves)
MR       .....                  (no boots)
Stlth    ..........             (no amulet)
HPRegen  0.21/turn              r - ring of resist corrosion
MPRegen  0.11/turn              b - ring of poison resistance

@: no status effects
A: retaliatory headbutt, horns 2
a: Minor Destruction, Renounce Religion


You were on level 5 of the Dungeon.
You worshipped Makhleb.
Makhleb was pleased with you.
You visited 2 branches of the dungeon, and saw 6 of its levels.
You also visited: Sewer.

You collected 265 gold pieces.

Inventory:

Hand Weapons
 a - a +0 long sword (weapon)
Armour
 c - a +0 kite shield (worn)
 d - a +1 hat (worn)
 f - a +0 cloak (worn)
 n - a +0 chain mail (worn)
Jewellery
 b - a ring of poison resistance (right hand)
 r - a ring of resist corrosion (left hand)
 x - an uncursed ring of flight
 y - a +4 ring of protection {unknown}
Scrolls
 g - 9 scrolls of identify {unknown}
 h - a scroll of blinking {unknown}
 j - 2 scrolls of fog {unknown}
 k - a scroll of enchant armour {unknown}
 l - 5 scrolls of teleportation {unknown}
 m - a scroll of noise {unknown}
 o - a scroll of fear {unknown}
 t - a scroll of remove curse {unknown}
Potions
 e - a potion of curing {unknown}
 i - a potion of berserk rage {unknown}
 p - 2 potions of haste {unknown}
 q - a potion of magic {unknown}
 s - 2 potions of heal wounds {unknown}
 u - 2 potions of flight {unknown}
 v - 2 potions of degeneration {unknown}
 w - a potion of cancellation {unknown}


   Skills:
 + Level 5.6 Fighting
 + Level 5.0 Long Blades
 + Level 5.6 Armour
 + Level 3.8 Dodging
 + Level 5.8 Shields
 + Level 3.2 Invocations
 + Level 1.5 Evocations


You had 7 spell levels left.
You didn't know any spells.
Your spell library was empty.

Dungeon Overview and Level Annotations

Branches:
Dungeon (5/15)             Temple (1/1) D:4           Sewer (visited)

Altars:
Ashenzari
Dithmenos
Elyvilon
Fedhas
Gozag
Hepliaklqana
Kikubaaqudgha
Makhleb
Okawaru
Qazlal
Ru
Trog
Uskayaw
Vehumet
Wu Jian
Xom
Zin
The Shining One

Annotations:
D:3 3 runed translucent doors, paps's ghost, amateur GnDe
D:5 Blork the orc; Menkaure


Innate Abilities, Weirdness & Mutations

You reflexively headbutt those who attack you in melee.
You have a pair of horns on your head.


Message History

Blork the orc convulses!
Your body is wracked with pain!
* * * LOW HITPOINT WARNING * * *
You take 17 damage, and have 19/70 hp.
MASSIVE DAMAGE!!
Blork the orc looks braver for a moment.
Menkaure calls on the powers of darkness!
Blork the orc convulses!
Your body is wracked with pain!
* * * LOW HITPOINT WARNING * * *
You take 8 damage, and have 11/70 hp.
Blork the orc gestures wildly while chanting.
Blork the orc seems to speed up.
Blork the orc casts a spell at you. The magic dart hits you!
* * * LOW HITPOINT WARNING * * *
You take 9 damage, and have 4/70 hp.
Blork the orc points at you and mumbles some strange words.
You block the puff of frost.
There is a stone staircase leading up here.
Blork the orc gestures at you while chanting.
The puff of flame hits you!
You die...

### #...
#@# #...#
#o# #...#
#.# #)..#
#.#
#...####.#
#........#
#.#.####.#
#........#
###.####.#


You could see Blork the orc (fast).

Vanquished Creatures
  Pikel (D:4)
  Sigmund (D:2)
  Purgy (Sewer)
  A bullfrog skeleton (D:4)
  An orc wizard (D:2)
  An orc priest (D:3)
  A centaur skeleton (D:4)
  A worker ant (D:4)
  6 adders
  3 leopard geckos
  10 orcs
  3 ball pythons
  5 bats
  6 giant cockroaches
  7 goblins
  9 hobgoblins
  5 jackals (D:4)
  6 quokkas
  12 frilled lizards
  9 kobolds
  14 rats
103 creatures vanquished.

Notes
Turn   | Place    | Note
-------+----------+-------------------------------------------
     0 | D:1      | Mitsuki the Minotaur Fighter began the quest for the Orb.
     0 | D:1      | Reached XP level 1. HP: 19/19 MP: 0/0
   157 | D:1      | Reached XP level 2. HP: 24/27 MP: 1/1
   592 | D:2      | Reached skill level 1 in Dodging
   687 | D:2      | Reached XP level 3. HP: 33/33 MP: 2/2
   699 | D:2      | Found a burning altar of Makhleb.
   700 | D:2      | Found a shimmering altar of Xom.
   703 | D:2      | Noticed Sigmund
   713 | D:2      | Became a worshipper of Makhleb the Destroyer
   962 | D:2      | Killed Sigmund
   962 | D:2      | Reached skill level 1 in Invocations
   962 | D:2      | Reached XP level 4. HP: 34/41 MP: 2/4
   962 | D:2      | Reached XP level 5. HP: 39/47 MP: 2/5
  1625 | D:2      | Reached XP level 6. HP: 20/53 MP: 6/6
  1880 | D:3      | Reached * piety under Makhleb
  2136 | D:3      | Found a faded altar of an unknown god.
  2162 | D:3      | Found a runed translucent gate.
  2162 | D:3      | Found a runed translucent gate.
  2162 | D:3      | Found a runed translucent gate.
  2454 | D:3      | Noticed paps's ghost (amateur GnDe)
  2660 | D:4      | Found a hazy altar of Hepliaklqana.
  2728 | D:4      | Found a glowing drain.
  2743 | D:4      | Reached skill level 5 in Shields
  2757 | Sewer    | Entered a sewer
  2800 | Sewer    | Reached skill level 5 in Armour
  2840 | Sewer    | Reached ** piety under Makhleb
  2911 | Sewer    | Noticed Purgy
  2932 | Sewer    | Killed Purgy
  2932 | Sewer    | Reached skill level 5 in Fighting
  2932 | Sewer    | Reached XP level 7. HP: 47/61 MP: 7/7
  3118 | D:4      | Found a broken altar of Ashenzari.
  3344 | D:4      | Noticed Pikel
  3362 | D:4      | HP: 1/61 [Pikel/+1 whip of electrocution (10)]
  3364 | D:4      | Killed Pikel
  3364 | D:4      | Reached skill level 5 in Long Blades
  3364 | D:4      | Reached skill level 1 in Evocations
  3364 | D:4      | Reached XP level 8. HP: 10/70 MP: 7/9
  3741 | D:4      | Found a staircase to the Ecumenical Temple.
  3962 | Temple   | Entered the Ecumenical Temple
  4243 | D:5      | Entered Level 5 of the Dungeon
  4269 | D:5      | Noticed Menkaure
  4273 | D:5      | Noticed Blork the orc
  4298 | D:5      | Killed from afar by Blork the orc

Illustrated notes

Levels and vault maps discovered:
D:1:      dpeg_arrival_tiny_c, layout_rooms
D:2:      layout_loops_cross, chequers_temple_overflow_statue_of_worship,
          palyth_stone_intersect, eino_tiny_chamber, uniq_sigmund
D:3:      layout_loops_ring, gammafunk_ghost_necromancy,
          chequers_ecumenical_altar_island
D:4:      layout_rooms, nicolae_ashenzari_panopticon, lemuel_crystal_altar,
          temple_hall, gup_sewer_entry_glass, uniq_pikel
D:5:      gammafunk_cloud_chamber, layout_basic,
          lemuel_zombie_altar_yredelemnul, uniq_menkaure, uniq_blork_the_orc
Temple:   eino_temple_water

Skill      XL: |  1  2  3  4  5  6  7 |
---------------+----------------------+-----
Dodging        | 1 2 3 |  3.8
Fighting       | 4 5 |  5.6
Long Blades    | 3 4 5 |  5.0
Armour         | 4 5 |  5.6
Shields        | 4 5 |  5.8
Invocations    | 1 2 3 |  3.2
Evocations     | 1 |  1.5

Action                   |  1- 3 |  4- 6 |  7- 9 || total
-------------------------+-------+-------+-------++-------
Melee: Long sword        |    74 |   192 |    54 ||   320
       Headbutt          |     7 |    17 |    13 ||    37
  Use: Potion            |     1 |       |     1 ||     2
       Scroll            |       |     1 |       ||     1
Armor: Scale mail        |    15 |       |       ||    15
       Chain mail        |    19 |   128 |    26 ||   173
Dodge: Dodged            |    26 |    47 |    14 ||    87
Block: Kite shield       |    46 |   110 |    25 ||   181
       Rpst.: Long sword |     6 |    13 |     3 ||    22

Table legend: (Time is in decaauts)
 A = Elapsed time spent in this place.
 B = Non-inter-level travel time spent in this place.
 C = Inter-level travel time spent in this place.
 D = Time resting spent in this place.
 E = Time spent auto-exploring this place.
 F = Levels seen in this place.
 G = Mean time per level.
                   A        B        C        D        E       F      G
               +--------+--------+--------+--------+--------+-----+--------+
         Total |   4425 |   4187 |    238 |    242 |   3060 |   7 |  632.1 |
       Dungeon |   3889 |   3666 |    223 |    242 |   2678 |   5 |  777.8 |
        Temple |    224 |    209 |     15 |      0 |    209 |   1 |  224.0 |
         Sewer |    311 |    311 |      0 |      0 |    173 |   1 |  311.0 |
               +--------+--------+--------+--------+--------+-----+--------+

Top non-repeatable levels by time:
     D:2: 1147 daAuts
     D:4: 1120 daAuts
     D:3: 842 daAuts
     D:1: 722 daAuts
   Sewer: 311 daAuts
  Temple: 224 daAuts
     D:5: 55 daAuts
